 Dungeon Crawl Stone Soup version 0.30.0-20-g3615ddf2f0 (webtiles) character file.

Game seed: 8607098280538679133

595 qw the Chopper (level 7, -3/44 HPs)
             Began as a Gargoyle Fighter on June 1, 2023.
             Slain by an orc warrior
             ... wielding a +0 glaive
              (14 damage)
             ... on level 6 of the Dungeon.
             The game lasted 00:01:21 (2403 turns).

qw the Chopper (Gargoyle Fighter)                   Turns: 2403, Time: 00:01:22

Health: -3/44      AC: 15    Str: 22    XL:     7   Next: 40%
Magic:  7/7        EV:  8    Int:  8    God:
Gold:   135        SH:  5    Dex: 15    Spells: 6/6 levels left

rFire   . . .        Y - +1 war axe
rCold   . . .        c - +0 buckler
rNeg    + . .        l - +0 chain mail
rPois   inf          (no helmet)
rElec   +            k - +0 cloak
rCorr   .            (no gloves)
SInv    .            (no boots)
Will    .....        (no amulet) Stlth
                     i - +6 ring of dexterity
HPRegen 0.27/turn    (no ring)
MPRegen 0.10/turn

%: no passive effects
@: no status effects
A: sickness immunity, AC +4, negative energy resistance 1, electricity
resistance, torment resistance 1, petrification resistance
a: no special abilities


You were on level 6 of the Dungeon.
You visited 1 branch of the dungeon, and saw 5 of its levels.

You collected 135 gold pieces.


Innate Abilities, Weirdness & Mutations

You are immune to sickness and miasma.
Your stone body is resilient. (AC +4)
You are immune to poison.
You resist negative energy. (rN+)
You are resistant to electric shocks. (rElec)
You are resistant to unholy torment.
You are immune to petrification.


   Skills:
 - Level 5.4 Fighting
 + Level 6.1 Axes
 - Level 3.2 Armour
 - Level 1.0 Dodging
 - Level 3.2 Shields


You had 6 spell levels left.
You didn't know any spells.
Your spell library was empty.

Inventory:

Hand Weapons
 g - a +0 mace
 Y - a +1 war axe (weapon)
Armour
 c - a +0 buckler (worn)
 k - a +0 cloak (worn)
 l - a +0 chain mail (worn)
Jewellery
 i - a +6 ring of dexterity (left hand)
Scrolls
 e - a scroll of identify
 f - 5 scrolls of teleportation
Potions
 a - a potion of heal wounds
 d - 4 potions of might
 h - 2 potions of curing
 j - a potion of resistance

Dungeon Overview and Level Annotations

Branches:
Dungeon (4/15)
 Temple: D:4-7

Altars:
Makhleb


Message History

The orc warrior hits you with a +0 glaive!
The scorpion stings you but does no damage.
You hit the scorpion.
The scorpion is heavily wounded.
You hit the orc warrior but do no damage.
An orc comes into view. It is wielding a +0 mace.
You block the scorpion's attack.
The orc warrior hits you but does no damage.
An orc priest comes into view. It is wielding a +0 club.
You hit the scorpion but do no damage.
The scorpion is heavily wounded.
You closely miss the orc warrior. You block the scorpion's attack.
The scorpion stings you but does no damage.
The orc warrior closely misses you.
You hit the scorpion.
The scorpion is severely wounded.
You slash something!
You hit the orc warrior but do no damage.
The scorpion stings you but does no damage.
The orc priest mumbles some strange prayers to Beogh against you.
Beogh smites you! The orc warrior closely misses you.
Something hits you but does no damage.
You slash the scorpion!
You kill the scorpion!
You barely miss something. You hit the orc warrior.
The orc warrior barely misses you.
Your Axes skill increases to level 6!
You barely miss the orc warrior.
The orc warrior is lightly wounded.
You completely miss something. You hit the orc.
Something hits you but does no damage.
The orc warrior hits you with a +0 glaive.
You block the orc's attack.
You slash the orc!
You kill the orc!
You slash the orc warrior! You hit something. Something hits you.
The orc warrior hits you with a +0 glaive!
You die...

.. ##. ###.# #..
.......# ...
....#.## ....
#..#..####..#
##.o.(..!...##
#...o{........
#o@.....# #
..##...)..### .#
.............#...
#..........#....#
#.............##
........#....###
....8.....8..#
.###..........#
#......8.....


You could see an orc warrior, an orc priest and an orc.

Vanquished Creatures
  Grinder (D:3)
  Sigmund (D:3)
  A scorpion (D:6)
  Terence (D:3)
  Natasha (twice) (D:3)
  4 adders
  A worm (D:3)
  2 orcs (D:6)
  5 ball pythons
  7 endoplasms
  4 giant cockroaches
  6 goblins
  7 hobgoblins
  4 jackals (D:1)
  6 kobolds
  3 quokkas
  9 bats
  A frilled lizard (D:1)
  3 rats (D:2)
68 creatures vanquished.

Notes
Turn   | Place    | Note
-------+----------+-------------------------------------------
     0 | D:1      | qw the Gargoyle Fighter began the quest for the Orb.
     0 | D:1      | Reached XP level 1. HP: 14/14 MP: 1/1
     0 | D:1      | 0 ||| qw: Version: 0.2-a-102-gdf20003
     0 | D:1      | 0 ||| qw: Game counter: 760
     0 | D:1      | 0 ||| qw: Always use a shield: true
     0 | D:1      | 0 ||| qw: God list: Okawaru
     0 | D:1      | 0 ||| qw: Allow faded altars: false
     0 | D:1      | 0 ||| qw: Do Orc after D:15 true
     0 | D:1      | 0 ||| qw: Do second Lair branch before Depths: true
     0 | D:1      | 0 ||| qw: Lair rune preference: random
     0 | D:1      | 0 ||| qw: Plans: Normal, Zot:1-4, Slime:5, God:TSO, Crypt,
                  | Tomb, Pan, Hells, Abyss, Win
     0 | D:1      | 0 ||| PLANNING D:1-11
    50 | D:1      | Reached skill level 2 in Axes
    83 | D:1      | Reached XP level 2. HP: 11/19 MP: 2/2
   117 | D:1      | 117 ||| DROPPING +0 club.
   291 | D:1      | 291 ||| Stepping ~*~*~tactically~*~*~ (stealth).
   305 | D:1      | Reached skill level 3 in Axes
   317 | D:1      | 317 ||| FLEEEEING.
   324 | D:1      | 324 ||| Stepping ~*~*~tactically~*~*~ (hiding).
   327 | D:1      | 327 ||| Stepping ~*~*~tactically~*~*~ (hiding).
   339 | D:1      | Reached XP level 3. HP: 19/23 MP: 3/3
   620 | D:1      | 620 ||| Stepping ~*~*~tactically~*~*~ (stealth).
   621 | D:1      | 621 ||| Stepping ~*~*~tactically~*~*~ (stealth).
   628 | D:1      | 628 ||| Stepping ~*~*~tactically~*~*~ (stealth).
   630 | D:1      | 630 ||| Stepping ~*~*~tactically~*~*~ (stealth).
   631 | D:1      | 631 ||| Stepping ~*~*~tactically~*~*~ (stealth).
   741 | D:1      | 741 ||| READING scroll labelled OLETSE USINEO.
   742 | D:1      | 742 ||| READING 4 scrolls labelled PYZUSAEPPE.
   746 | D:1      | 746 ||| READING 3 scrolls labelled UGGICI COPE.
   747 | D:1      | 747 ||| READING scroll labelled ETEBRAA URCHE.
   748 | D:1      | 748 ||| DROPPING 2 scrolls of immolation.
   924 | D:2      | 924 ||| Stepping ~*~*~tactically~*~*~ (stealth).
   941 | D:2      | Reached XP level 4. HP: 24/28 MP: 4/4
  1021 | D:2      | 1021 ||| UPGRADING to +6 ring of dexterity.
  1022 | D:2      | 1022 ||| READING scroll labelled WIRROCKIDOA.
  1209 | D:2      | 1209 ||| Stepping ~*~*~tactically~*~*~ (stealth).
  1222 | D:2      | Reached skill level 1 in Dodging
  1458 | D:2      | Found a burning altar of Makhleb.
  1527 | D:2      | 1527 ||| READING scroll labelled SUMMEIBUDU.
  1628 | D:3      | Noticed Terence
  1637 | D:3      | Killed Terence
  1638 | D:3      | Reached skill level 4 in Axes
  1673 | D:3      | Noticed Grinder
  1687 | D:3      | Killed Grinder
  1688 | D:3      | Reached skill level 5 in Axes
  1688 | D:3      | Reached XP level 5. HP: 25/32 MP: 5/5
  1688 | D:3      | Reached XP level 6. HP: 29/37 MP: 6/6
  1827 | D:3      | Noticed Natasha
  1828 | D:3      | 1828 ||| Stepping ~*~*~tactically~*~*~ (hiding).
  1837 | D:3      | Killed Natasha
  1874 | D:3      | Noticed Natasha
  1879 | D:3      | Killed Natasha
  2042 | D:3      | Noticed Sigmund
  2050 | D:3      | Killed Sigmund
  2051 | D:3      | Reached XP level 7. HP: 39/44 MP: 7/7
  2348 | D:3      | 2348 ||| UPGRADING to +0 cloak.
  2353 | D:3      | 2353 ||| UPGRADING to +0 chain mail.
  2363 | D:3      | 2363 ||| DROPPING +0 scale mail.
  2364 | D:3      | 2364 ||| READING scroll labelled VONOAPPOSO.
  2365 | D:3      | 2365 ||| READING scroll labelled IBEICSIURR.
  2366 | D:3      | 2366 ||| READING scroll labelled ADEUSILOIKK.
  2367 | D:3      | 2367 ||| DRINKING 2 metallic blue potions.
  2368 | D:3      | 2368 ||| DRINKING 3 golden potions.
  2369 | D:3      | 2369 ||| READING 2 scrolls of identify.
  2369 | D:3      | 2369 ||| IDENTIFYING fizzy inky potion
  2385 | D:4      | You fall into a shaft and drop 2 floors!
  2402 | D:6      | Reached skill level 6 in Axes
  2403 | D:6      | HP: 11/44 [something (4)]
  2403 | D:6      | Slain by an orc warrior

Levels and vault maps discovered:
D:1:      beargit_arrival_greenhouse, layout_basic, eino_curves_03
D:2:      layout_loops_ring, basic_altar, minmay_surrounded
D:3:      layout_basic, uniq_natasha, uniq_grinder, uniq_terence, uniq_sigmund
D:4:      layout_basic, minmay_temple_entry_glass, chequers_arboretum,
          minmay_misc_feat_cross, minmay_stone_trees_small
D:6:      layout_cave_pools, mainiacjoe_overflow_concentric_impassable,
          serial_column_ruins, column_ruins_square_medium, column_ruins_grid_1,
          column_ruins_columns_dead_end, column_ruins_corridor_T,
          column_ruins_open_small, column_ruins_grid_1,
          hangedman_decor_diamond_cutter

Skill      XL: |  1  2  3  4  5  6  7 |
---------------+----------------------+-----
Axes           | 2 3 5 6 |  6.1
Dodging        | 1 |  1.0
Fighting       | 5 |  5.4
Armour         | |  3.2
Shields        | |  3.2

Action                     |  1- 3 |  4- 6 |  7- 9 || total
---------------------------+-------+-------+-------++-------
  Melee: War axe           |   133 |    83 |    14 ||   230
    Use: Scroll            |     4 |     2 |     4 ||    10
         Potion            |       |       |     2 ||     2
 Armour: Scale mail        |    65 |    27 |     1 ||    93
         Chain mail        |       |       |     6 ||     6
  Dodge: Dodged            |    73 |    32 |     7 ||   112
  Block: Buckler           |    31 |    14 |     4 ||    49

Table legend:
 A = Non-vault XP
 B = Vault XP
 C = Vault XP percentage of total XP
 D = Non-vault monster count
 E = Vault monster count
 F = Vault count percentage of total count
                 A         B        C        D         E       F
            +---------+---------+-------+---------+---------+-------
      Total |     279 |     574 |  67.3 |      60 |       8 |  11.8
            +---------+---------+-------+---------+---------+-------
        D:1 |      60 |       0 |   0.0 |      33 |       0 |   0.0
        D:2 |      63 |       5 |   7.4 |      16 |       4 |  20.0
        D:3 |      62 |     569 |  90.2 |       8 |       4 |  33.3
        D:6 |      94 |       0 |   0.0 |       3 |       0 |   0.0
            +---------+---------+-------+---------+---------+-------
